General information
- name: BNet
- type: Ladder team game (AT/RT)
- host: Battle.net
- saver: 918818181818181
map: MarketSquare
- players: 8
- length: 34:22
- speed: Fast
- version: 1.29 W3XP
- replay type: Public
» download(378 KB)
Players
team 1 (winner)

»
sinsokao (
teal | 98 APM | 1920 actions | 19:33)
4 Death Knight
2 Death Coil
1 Unholy Aura
1 Death Pact
1 Lich
1 Frost Nova
» actions
| Assign group hotkey | 59 | |
| Basic commands | 5 | |
| Build / train | 67 | |
| Enter build submenu | 23 | |
| Enter hero's abilities submenu | 5 | |
| Give item / drop item | 2 | |
| Right click | 695 | |
| Select / deselect | 242 | |
| Select group hotkey | 731 | |
| Use ability | 91 | |
1920 total
» units
| Acolyte | 9 | |
| Ghoul | 2 | |
| Crypt Fiend | 9 | |
| Frost Wyrm | 3 | |
| Obsidian Statue | 2 | |
25 total
» upgrades
| Burrow | 1 | |
| Creature Attack | 1 | |
| Destroyer Form | 1 | |
| Web | 1 | |
| Freezing Breath | 1 | |
5 total
» buildings
| Crypt | 1 | |
| Graveyard | 1 | |
| Ziggurat | 5 | |
| Altar of Darkness | 1 | |
| Tomb of Relics | 1 | |
| Nerubian Tower | 2 | |
| Halls of the Dead | 3 | |
| Black Citadel | 4 | |
| Spirit Tower | 2 | |
| Sacrificial Pit | 1 | |
| Boneyard | 1 | |
| Slaughterhouse | 1 | |
| Temple of the Damned | 1 | |
24 total
» build order
00:18 Crypt
00:23 Graveyard
00:54 Ziggurat
01:00 Altar of Darkness
01:56 Ziggurat
01:58 Tomb of Relics
02:30 Nerubian Tower
03:45 Ziggurat
04:46 Halls of the Dead
04:46 Halls of the Dead
04:46 Halls of the Dead
05:29 Nerubian Tower
05:55 Ziggurat
05:59 Ziggurat
08:45 Black Citadel
08:45 Black Citadel
08:45 Black Citadel
08:46 Black Citadel
09:11 Spirit Tower
09:48 Spirit Tower
10:30 Sacrificial Pit
11:22 Boneyard
11:56 Slaughterhouse
18:11 Temple of the Damned
» items
| Rod of Necromancy | 1 | |
| Dust of Appearance | 2 | |
| Healing Salve | 1 | |
| Potion of Healing | 4 | |
| Scroll of Town Portal | 2 | |
| Orb of Corruption | 1 | |
11 total

»
thtcrazykush (
green | 41 APM | 801 actions | 19:39)
3 Blademaster
1 Wind Walk
2 Critical Strike
2 Shadow Hunter
1 Healing Wave
1 Hex
» actions
| Build / train | 45 | |
| Enter build submenu | 21 | |
| Enter hero's abilities submenu | 5 | |
| Remove unit from queue | 2 | |
| Right click | 383 | |
| Select / deselect | 271 | |
| Use ability | 74 | |
801 total
» units
» upgrades
| Ranged Weapons | 2 | |
| Spiked Barricades | 1 | |
| Armor | 2 | |
| Ensnare | 1 | |
| Melee Weapons | 1 | |
| Pillage | 1 | |
8 total
» buildings
| Altar of Storms | 1 | |
| Orc Burrow | 6 | |
| Voodoo Lounge | 1 | |
| War Mill | 1 | |
| Stronghold | 1 | |
| Watch Tower | 6 | |
| Beastiary | 2 | |
| Fortress | 1 | |
| Spirit Lodge | 1 | |
| Great Hall | 1 | |
21 total
» build order
00:03 Altar of Storms
00:05 Orc Burrow
00:36 Voodoo Lounge
01:18 War Mill
02:24 Stronghold
02:36 Orc Burrow
03:48 Orc Burrow
03:50 Watch Tower
04:17 Watch Tower
04:19 Watch Tower
04:31 Orc Burrow
05:17 Beastiary
05:50 Beastiary
06:29 Orc Burrow
06:41 Watch Tower
11:16 Fortress
14:02 Orc Burrow
14:20 Watch Tower
15:03 Spirit Lodge
15:10 Watch Tower
17:49 Great Hall
» items
| Scroll of Town Portal | 2 | |
| Healing Salve | 1 | |
3 total
918818181818181 (
blue | 152 APM | 5209 actions | 34:22)
5 Archmage
3 Summon Water Elemental
2 Brilliance Aura
6 Mountain King
3 Storm Bolt
2 Bash
1 Avatar
6 Goblin Alchemist
2 Healing Spray
2 Chemical Rage
1 Acid Bomb
1 Transmute
» actions
| Assign group hotkey | 67 | |
| Basic commands | 136 | |
| Build / train | 170 | |
| ESC pressed | 15 | |
| Enter build submenu | 80 | |
| Enter hero's abilities submenu | 18 | |
| Give item / drop item | 10 | |
| Right click | 1694 | |
| Select / deselect | 885 | |
| Select group hotkey | 1816 | |
| Use ability | 318 | |
5209 total
» units
| Peasant | 18 | |
| Footman | 4 | |
| Rifleman | 6 | |
| Priest | 3 | |
| Sorceress | 3 | |
| Knight | 3 | |
| Gryphon Rider | 3 | |
| Spell Breaker | 1 | |
41 total
» upgrades
| Masonry | 4 | |
| Gunpowder | 3 | |
| Long Rifles | 1 | |
| Lumber Harvesting | 1 | |
| Sorceress Training | 2 | |
| Armor | 1 | |
| Priest Training | 2 | |
| Storm Hammers | 1 | |
| Plating | 2 | |
| Animal War Training | 1 | |
18 total
» buildings
| Altar of Kings | 2 | |
| Barracks | 1 | |
| Farm | 13 | |
| Scout Tower | 41 | |
| Lumber Mill | 4 | |
| Arcane Tower | 4 | |
| Arcane Vault | 1 | |
| Blacksmith | 1 | |
| Keep | 2 | |
| Town Hall | 3 | |
| Guard Tower | 49 | |
| Castle | 1 | |
| Arcane Sanctum | 2 | |
| Gryphon Aviary | 1 | |
| Spirit Tower | 4 | |
| Ziggurat | 5 | |
134 total
» build order
00:52 Altar of Kings
00:54 Barracks
00:56 Farm
01:03 Farm
01:25 Farm
01:52 Scout Tower
02:01 Lumber Mill
02:07 Farm
02:28 Arcane Tower
02:28 Arcane Tower
02:33 Farm
02:46 Arcane Vault
03:01 Blacksmith
04:27 Keep
04:27 Keep
05:10 Town Hall
05:13 Scout Tower
05:58 Arcane Tower
05:58 Arcane Tower
06:01 Scout Tower
06:31 Guard Tower
07:11 Scout Tower
07:13 Scout Tower
07:17 Scout Tower
07:18 Scout Tower
07:20 Scout Tower
07:26 Scout Tower
07:27 Scout Tower
07:28 Scout Tower
08:05 Guard Tower
08:05 Guard Tower
08:07 Guard Tower
08:07 Guard Tower
08:15 Scout Tower
08:16 Scout Tower
08:18 Scout Tower
08:20 Scout Tower
08:52 Castle
09:21 Scout Tower
09:35 Guard Tower
09:35 Guard Tower
09:39 Guard Tower
09:39 Guard Tower
09:51 Guard Tower
09:52 Guard Tower
09:55 Guard Tower
09:56 Guard Tower
10:03 Farm
10:34 Arcane Sanctum
10:36 Guard Tower
10:36 Guard Tower
11:29 Scout Tower
12:02 Guard Tower
12:02 Guard Tower
13:11 Farm
14:02 Scout Tower
14:05 Scout Tower
14:14 Scout Tower
14:17 Lumber Mill
14:19 Lumber Mill
14:34 Guard Tower
14:34 Guard Tower
14:36 Lumber Mill
14:41 Scout Tower
14:43 Town Hall
14:44 Guard Tower
15:12 Guard Tower
15:12 Guard Tower
15:21 Scout Tower
15:49 Scout Tower
15:50 Scout Tower
15:51 Guard Tower
15:51 Guard Tower
15:52 Scout Tower
15:57 Scout Tower
16:17 Guard Tower
16:17 Guard Tower
16:18 Guard Tower
16:18 Guard Tower
16:18 Guard Tower
16:19 Guard Tower
16:19 Guard Tower
16:20 Scout Tower
16:24 Guard Tower
16:24 Guard Tower
16:33 Scout Tower
16:36 Scout Tower
16:39 Scout Tower
16:52 Guard Tower
16:52 Guard Tower
17:05 Arcane Sanctum
17:09 Gryphon Aviary
18:09 Farm
18:12 Farm
18:50 Farm
19:04 Scout Tower
19:05 Scout Tower
19:06 Scout Tower
19:42 Guard Tower
19:42 Guard Tower
19:59 Guard Tower
19:59 Guard Tower
20:01 Scout Tower
20:02 Scout Tower
20:12 Farm
20:49 Guard Tower
20:49 Guard Tower
21:36 Guard Tower
21:36 Guard Tower
21:38 Guard Tower
21:59 Scout Tower
22:00 Scout Tower
22:02 Scout Tower
22:03 Scout Tower
22:03 Scout Tower
22:06 Spirit Tower
22:06 Spirit Tower
22:07 Ziggurat
22:08 Ziggurat
22:10 Ziggurat
22:10 Ziggurat
22:11 Ziggurat
22:49 Guard Tower
22:49 Guard Tower
22:49 Guard Tower
22:53 Scout Tower
23:09 Farm
23:12 Farm
23:34 Guard Tower
23:34 Guard Tower
24:54 Spirit Tower
24:54 Spirit Tower
28:54 Altar of Kings
31:29 Town Hall
» items
| Scroll of Regeneration | 4 | |
| Mechanical Critter | 2 | |
| Boots of Speed | 2 | |
| Ivory Tower | 4 | |
| Scroll of Protection | 2 | |
| Potion of Lesser Invulnerability | 1 | |
| Periapt of Vitality | 1 | |
| Scroll of Town Portal | 3 | |
| Orb of Fire | 1 | |
| Staff of Sanctuary | 1 | |
| Orb of Corruption | 1 | |
| Potion of Healing | 1 | |
23 total

»
bigaonja (
orange | 34 APM | 671 actions | 19:30)
4 Crypt Lord
1 Carrion Beetles
2 Spiked Carapace
1 Impale
3 Death Knight
1 Death Coil
2 Unholy Aura
1 Dreadlord
1 Vampiric Aura
» actions
| Assign group hotkey | 20 | |
| Basic commands | 17 | |
| Build / train | 59 | |
| Enter build submenu | 22 | |
| Enter hero's abilities submenu | 8 | |
| Right click | 167 | |
| Select / deselect | 226 | |
| Select group hotkey | 107 | |
| Use ability | 45 | |
671 total
» units
| Acolyte | 6 | |
| Ghoul | 14 | |
| Crypt Fiend | 1 | |
| Necromancer | 2 | |
| Banshee | 7 | |
30 total
» upgrades
| Cannibalize | 1 | |
| Creature Carapace | 1 | |
| Unholy Armor | 2 | |
| Unholy Strength | 1 | |
| Skeletal Longevity | 1 | |
| Necromancer Training | 2 | |
| Banshee Training | 2 | |
| Ghoul Frenzy | 1 | |
| Skeletal Mastery | 1 | |
12 total
» buildings
| Altar of Darkness | 1 | |
| Ziggurat | 7 | |
| Crypt | 3 | |
| Tomb of Relics | 2 | |
| Nerubian Tower | 2 | |
| Graveyard | 1 | |
| Halls of the Dead | 1 | |
| Black Citadel | 1 | |
| Temple of the Damned | 4 | |
22 total
» build order
00:25 Altar of Darkness
00:28 Ziggurat
00:37 Crypt
01:05 Tomb of Relics
01:11 Tomb of Relics
01:19 Ziggurat
02:22 Crypt
02:31 Nerubian Tower
02:34 Nerubian Tower
03:16 Graveyard
05:52 Ziggurat
06:10 Halls of the Dead
06:18 Ziggurat
09:03 Ziggurat
10:20 Black Citadel
11:08 Temple of the Damned
11:14 Temple of the Damned
11:17 Temple of the Damned
11:21 Ziggurat
12:03 Crypt
12:36 Temple of the Damned
17:57 Ziggurat
» items
team 2 (loser)
cutegirl90 (
purple | 169 APM | 5545 actions | 32:53)
6 Blademaster
3 Critical Strike
2 Wind Walk
1 Bladestorm
5 Tauren Chieftain
3 Endurance Aura
2 War Stomp
» actions
| Assign group hotkey | 51 | |
| Basic commands | 555 | |
| Build / train | 140 | |
| ESC pressed | 2 | |
| Enter build submenu | 27 | |
| Enter hero's abilities submenu | 11 | |
| Give item / drop item | 6 | |
| Remove unit from queue | 8 | |
| Right click | 1762 | |
| Select / deselect | 618 | |
| Select group hotkey | 2215 | |
| Use ability | 150 | |
5545 total
» units
| Peon | 23 | |
| Grunt | 6 | |
| Shaman | 7 | |
| Tauren | 9 | |
| Wind Rider | 7 | |
52 total
» upgrades
| Berserker Strength | 1 | |
| Shaman Training | 2 | |
| Pulverize | 1 | |
| Reinforced Defenses | 1 | |
| Melee Weapons | 1 | |
| Armor | 1 | |
| Envenomed Spears | 1 | |
| Ranged Weapons | 1 | |
9 total
» buildings
| Altar of Storms | 1 | |
| Orc Burrow | 9 | |
| Barracks | 1 | |
| Voodoo Lounge | 1 | |
| Stronghold | 3 | |
| Fortress | 3 | |
| War Mill | 1 | |
| Spirit Lodge | 1 | |
| Tauren Totem | 2 | |
| Watch Tower | 5 | |
| Beastiary | 5 | |
| Great Hall | 1 | |
33 total
» build order
00:06 Altar of Storms
00:19 Orc Burrow
00:34 Barracks
01:25 Voodoo Lounge
02:34 Orc Burrow
02:51 Stronghold
02:51 Stronghold
02:51 Stronghold
03:37 Orc Burrow
05:44 Fortress
05:44 Fortress
05:44 Fortress
06:10 War Mill
06:49 Orc Burrow
07:59 Orc Burrow
08:01 Spirit Lodge
08:29 Tauren Totem
08:29 Tauren Totem
12:13 Watch Tower
12:15 Watch Tower
14:05 Orc Burrow
17:35 Watch Tower
17:35 Watch Tower
17:36 Watch Tower
17:45 Beastiary
17:46 Beastiary
17:47 Beastiary
21:20 Beastiary
21:21 Beastiary
24:28 Orc Burrow
24:29 Orc Burrow
24:32 Orc Burrow
27:25 Great Hall
» items
| Healing Salve | 3 | |
| Scroll of Speed | 3 | |
| Boots of Speed | 2 | |
| Tiny Great Hall | 2 | |
| Scroll of Town Portal | 2 | |
| Potion of Lesser Invulnerability | 4 | |
| Scroll of Healing | 2 | |
| Orb of Lightning | 2 | |
20 total

»
HaldaO (
pink | 100 APM | 3125 actions | 31:08)
6 Tauren Chieftain
3 Endurance Aura
2 War Stomp
1 Reincarnation
4 Shadow Hunter
2 Healing Wave
2 Hex
» actions
| Assign group hotkey | 41 | |
| Basic commands | 91 | |
| Build / train | 103 | |
| ESC pressed | 1 | |
| Enter build submenu | 36 | |
| Enter hero's abilities submenu | 10 | |
| Give item / drop item | 2 | |
| Remove unit from queue | 3 | |
| Right click | 1336 | |
| Select / deselect | 373 | |
| Select group hotkey | 966 | |
| Use ability | 163 | |
3125 total
» units
| Peon | 13 | |
| Troll Headhunter/Berserker | 23 | |
| Shaman | 8 | |
| Demolisher | 1 | |
45 total
» upgrades
| Ranged Weapons | 3 | |
| Troll Regeneration | 1 | |
| Berserker Upgrade | 1 | |
| Reinforced Defenses | 1 | |
| Shaman Training | 2 | |
| Armor | 3 | |
| Spiked Barricades | 1 | |
| Burning Oil | 1 | |
13 total
» buildings
| Altar of Storms | 1 | |
| Orc Burrow | 8 | |
| War Mill | 3 | |
| Barracks | 4 | |
| Stronghold | 1 | |
| Voodoo Lounge | 1 | |
| Fortress | 1 | |
| Watch Tower | 13 | |
| Great Hall | 1 | |
| Spirit Lodge | 2 | |
35 total
» build order
00:11 Altar of Storms
00:21 Orc Burrow
00:53 War Mill
01:27 Barracks
02:01 Orc Burrow
02:48 Stronghold
03:49 Orc Burrow
04:27 Barracks
04:50 Voodoo Lounge
06:30 Fortress
06:36 Orc Burrow
09:19 Watch Tower
09:23 Watch Tower
09:30 Watch Tower
10:44 Great Hall
10:46 Watch Tower
10:49 Watch Tower
10:52 Watch Tower
11:32 Spirit Lodge
12:21 Orc Burrow
12:23 Orc Burrow
14:31 Spirit Lodge
15:59 War Mill
17:02 Watch Tower
17:20 War Mill
17:22 Watch Tower
17:27 Watch Tower
17:30 Watch Tower
23:27 Watch Tower
23:31 Watch Tower
23:35 Watch Tower
26:09 Barracks
26:13 Barracks
26:48 Orc Burrow
26:52 Orc Burrow
» items
| Healing Salve | 4 | |
| Lesser Clarity Potion | 6 | |
| Scroll of Speed | 3 | |
| Scroll of Town Portal | 5 | |
| Potion of Lesser Invulnerability | 1 | |
| Scroll of Protection | 1 | |
| Scroll of Healing | 1 | |
| Orb of Lightning | 1 | |
| Potion of Healing | 1 | |
| Potion of Mana | 1 | |
24 total
drugfree69 (
red | 68 APM | 2327 actions | 34:21)
7 Blademaster
3 Wind Walk
3 Critical Strike
1 Bladestorm
» actions
| Assign group hotkey | 33 | |
| Basic commands | 178 | |
| Build / train | 80 | |
| Enter build submenu | 77 | |
| Enter hero's abilities submenu | 7 | |
| Give item / drop item | 9 | |
| Remove unit from queue | 3 | |
| Right click | 882 | |
| Select / deselect | 360 | |
| Select group hotkey | 568 | |
| Use ability | 128 | |
2327 total
» units
| Peon | 21 | |
| Grunt | 4 | |
| Troll Batrider | 7 | |
| Wind Rider | 10 | |
42 total
» upgrades
| Reinforced Defenses | 1 | |
| Ranged Weapons | 3 | |
| Armor | 3 | |
| Troll Regeneration | 1 | |
| Envenomed Spears | 1 | |
9 total
» buildings
| Orc Burrow | 9 | |
| Altar of Storms | 2 | |
| Barracks | 1 | |
| Voodoo Lounge | 1 | |
| Stronghold | 1 | |
| War Mill | 2 | |
| Great Hall | 3 | |
| Fortress | 1 | |
| Watch Tower | 52 | |
| Beastiary | 7 | |
79 total
» build order
00:15 Orc Burrow
00:54 Orc Burrow
01:07 Altar of Storms
01:09 Altar of Storms
01:11 Barracks
02:17 Voodoo Lounge
02:49 Stronghold
03:43 Orc Burrow
04:13 War Mill
05:04 Great Hall
07:06 Fortress
07:10 Watch Tower
07:11 Watch Tower
07:11 Watch Tower
07:11 Watch Tower
09:11 Watch Tower
09:12 Watch Tower
09:13 Watch Tower
09:13 Watch Tower
09:16 Watch Tower
09:16 Watch Tower
09:21 Watch Tower
10:30 Watch Tower
10:31 Watch Tower
10:31 Watch Tower
10:31 Watch Tower
10:35 Watch Tower
10:56 Orc Burrow
11:54 Beastiary
11:55 Beastiary
12:01 Beastiary
12:05 Watch Tower
12:05 Watch Tower
12:11 Orc Burrow
12:51 Watch Tower
12:51 Watch Tower
13:52 Watch Tower
14:48 Watch Tower
14:48 Watch Tower
14:51 Watch Tower
14:56 War Mill
19:52 Great Hall
19:58 Watch Tower
19:59 Watch Tower
19:59 Watch Tower
19:59 Watch Tower
20:08 Watch Tower
20:08 Watch Tower
20:08 Watch Tower
20:09 Watch Tower
20:10 Watch Tower
20:10 Watch Tower
20:11 Watch Tower
20:12 Watch Tower
21:33 Beastiary
21:35 Beastiary
21:37 Beastiary
21:46 Beastiary
22:08 Orc Burrow
22:11 Orc Burrow
22:20 Orc Burrow
22:22 Orc Burrow
22:24 Watch Tower
22:25 Watch Tower
22:27 Watch Tower
22:27 Watch Tower
22:37 Watch Tower
22:40 Watch Tower
22:41 Watch Tower
22:43 Watch Tower
22:44 Watch Tower
22:47 Watch Tower
22:48 Watch Tower
22:49 Watch Tower
25:51 Great Hall
27:19 Watch Tower
27:20 Watch Tower
27:20 Watch Tower
27:21 Watch Tower
» items
| Healing Salve | 2 | |
| Staff of Teleportation | 3 | |
| Periapt of Vitality | 1 | |
| Dust of Appearance | 1 | |
| Potion of Mana | 3 | |
| Lesser Clarity Potion | 2 | |
| Scroll of Town Portal | 2 | |
| Orb of Lightning | 1 | |
| Tiny Great Hall | 1 | |
16 total

»
tuuse (
yellow | 36 APM | 1184 actions | 33:01)
6 Blademaster
3 Critical Strike
2 Wind Walk
1 Bladestorm
» actions
| Assign group hotkey | 25 | |
| Basic commands | 68 | |
| Build / train | 75 | |
| Enter build submenu | 20 | |
| Enter hero's abilities submenu | 7 | |
| Remove unit from queue | 2 | |
| Right click | 532 | |
| Select / deselect | 306 | |
| Select group hotkey | 85 | |
| Use ability | 64 | |
1184 total
» units
| Peon | 11 | |
| Grunt | 10 | |
| Raider | 12 | |
| Demolisher | 9 | |
| Wind Rider | 8 | |
50 total
» upgrades
| Melee Weapons | 2 | |
| Armor | 1 | |
| Pillage | 1 | |
| Berserker Strength | 1 | |
| Ensnare | 1 | |
| Burning Oil | 1 | |
| Ranged Weapons | 2 | |
9 total
» buildings
| Altar of Storms | 1 | |
| Orc Burrow | 8 | |
| Barracks | 1 | |
| Voodoo Lounge | 1 | |
| War Mill | 2 | |
| Watch Tower | 5 | |
| Stronghold | 1 | |
| Beastiary | 2 | |
| Great Hall | 2 | |
| Fortress | 1 | |
24 total
» build order
00:19 Altar of Storms
00:30 Orc Burrow
00:43 Barracks
01:42 Orc Burrow
01:57 Voodoo Lounge
02:18 War Mill
02:44 Orc Burrow
04:33 Orc Burrow
04:48 Watch Tower
08:55 Stronghold
10:03 Watch Tower
10:04 Watch Tower
11:21 Beastiary
11:23 Beastiary
11:38 Watch Tower
12:00 Orc Burrow
12:59 Watch Tower
16:56 Orc Burrow
20:29 Great Hall
21:02 Fortress
25:14 War Mill
25:31 Orc Burrow
26:44 Orc Burrow
31:06 Great Hall
» items
| Healing Salve | 3 | |
| Lesser Clarity Potion | 1 | |
| Scroll of Town Portal | 1 | |
5 total
Chat log
(08:17 / Allies) bigaonja: b teal
(08:20 / Allies) bigaonja: its gone
(08:51 / Allies) bigaonja: b blue
(08:53 / Allies) sinsokao: 4 orc...
(08:56 / Allies) bigaonja: everyone get in their base
(09:06 / Allies) bigaonja: get ready to tp
(09:57 / All) drugfree69: hacker
(10:08 / All) drugfree69: 100% a hacker
(10:39 / Allies) thtcrazykush: teal
(10:41 / Allies) thtcrazykush: fight
(10:53 / Allies) bigaonja: out
(10:55 / Allies) bigaonja: out
(11:02 / All) drugfree69: green 100% a hacker
(11:09 / All) thtcrazykush: 100% not
(11:16 / All) drugfree69: shut the fuck up liar
(11:23 / All) thtcrazykush: Noob much?
(11:33 / All) thtcrazykush: rosin trumps all
(11:36 / All) drugfree69: Just happened to go to the base that was making towers right then
(11:37 / All) drugfree69: lol
(11:38 / All) thtcrazykush: Dont be mad
(11:40 / All) drugfree69: god you're dumb
(14:33 / Allies) thtcrazykush: k
(14:42 / Allies) thtcrazykush: need tpp
(15:40 / Allies) thtcrazykush: b
(15:41 / Allies) thtcrazykush: b
(16:41 / Allies) bigaonja: blue stop towerign and build units
(16:49 / Allies) 918818181818181: lumber me then
(16:51 / Allies) sinsokao: blue why rifles
(17:00 / Allies) 918818181818181: because I don't have lumber to make other units
(17:09 / Allies) bigaonja: lol but have lumber to make towrs
(17:13 / Allies) 918818181818181: yeah I do
(17:15 / Allies) 918818181818181: but not for units
(17:47 / Allies) 918818181818181: lumber me
(17:56 / Allies) 918818181818181: ty
(18:14 / Allies) thtcrazykush: ty guys
(18:15 / Allies) thtcrazykush: ty
(29:08 / All) HaldaO: WTF!?!?
(33:05 / All) drugfree69: lol
(33:08 / All) 918818181818181: nice
(33:15 / All) drugfree69: stats
(33:26 / All) 918818181818181: 147-132 teal shocking rec
(33:35 / All) 918818181818181: 249-243, how the fuck they above 50%
(33:36 / All) drugfree69: purple has the best rec
(33:40 / All) 918818181818181: 26-38 oj
(33:41 / All) drugfree69: and pink has plus 50%
(33:46 / All) drugfree69: yellow was worst player and sub 50%
(33:53 / All) drugfree69: definitely my team lose
(33:56 / All) drugfree69: stats purp real quick
(34:05 / All) 918818181818181: "cutegirl90" lol
(34:15 / All) drugfree69: 14-5 team now